Map: Last Fantasy LE

Players

OoOoooO

  • Race: Protoss Protoss
  • Spawn Location: 3:00

Sindyr - Winner!

  • Race: Protoss Protoss
  • League: Master
  • Spawn Location: 7:00

VOD

Have the link to the VOD?

Description

Time

  • Played on: Sept. 17, 2025, 8:06 a.m.
  • Length: 2:01
Show
View Real Time Build Order
Export as new Build Order

OoOoooO Protoss 

Build Orders:  

Get SALT Encoding   

  1  0:00  Probe  
  13  0:07  Probe  
  14  0:24  Probe  
  14  0:28  Pylon  
  15  0:46  Probe  
  16  0:50  Gateway  
  16  0:52  Assimilator  
  16  0:58  Probe  
  16  1:00  Assimilator  
  17  1:10  Probe  
  18  1:22  Probe  
  19  1:34  Probe  
  20  1:46  Probe  
Show
View Real Time Build Order
Export as new Build Order

Sindyr Protoss - Winner!

Build Orders: 1 Gate Expand 

Get SALT Encoding   

  12  0:02  Probe  
  13  0:14  Probe  
  13  0:21  Pylon  
  14  0:26  Probe  
  15  0:39  Probe  
  15  0:40  Gateway  
  16  0:51  Assimilator, Probe  
  17  1:03  Probe  
  18  1:12  Probe  
  19  1:20  Probe  
  20  1:31  Nexus  
  20  1:39  Pylon  
  20  1:42  Probe  
Tags
 
League
Master
Matchup
PvP
Replay Pack
Multiplayer
Spawn Locations
Cross Positions
Add a new tag
Caveats
  • Supply blocks, unpowered buildings, or Contaminate may cause inaccurate times.
  • Supply counts are checked every 10 seconds.